AoeStats
← b站江条

Arabia

508511975Analyzed
1v1 RM · 9d ago on Sep 22, 2026· 37m 7s· 2 players
Game mode
Random Map
Map size
Tiny (2 player)
Population
200
Speed
Normal
Resources
Standard
Victory
Conquest
Starting age
Dark Age
Ending age
Imperial Age
RankedLock teamsTeams togetherTeam positionsShared explorationLock speedFull tech treeHidden civsTurbo modeCheats
Victory
Defeat
🇦🇷 Persians · Argentina
1419
+16
🇨🇳 Maya · China
1429
-16
GordoPeronista
8:21 Feudal Age
8:54 Double-Bit Axe
9:18 Horse Collar
14:02 Wheelbarrow
16:47 Castle Age
17:30 Bow Saw
18:09 Loom
18:30 Town Watch
19:17 Hand Cart
22:26 Gold Mining
27:17 Gold Shaft Mining
26:33 Stone Mining
29:58 Stone Shaft Mining
32:33 Imperial Age
31:35 Scale Barding Armor
32:17 Forging
32:48 Husbandry
32:58 Bloodlines
33:21 Conscription
32:23 Cavalier
33:59 Chain Barding Armor
34:15 Iron Casting
33:51 Savar
35:27 Plate Barding Armor
35:56 Blast Furnace
b站江条
0:25 Loom
8:50 Feudal Age
16:22 Fletching
17:15 Horse Collar
21:16 Castle Age
20:12 Scale Mail Armor
21:29 Pikeman
21:55 Crossbowman
23:44 Bodkin Arrow
25:15 Double-Bit Axe
32:17 Imperial Age
33:12 Bracer
32:35 Arbalester
34:30 Guilds
35:57 Conscription
35:23 Halberdier
Connection lost

Rejoining the realm…

Still unreachable

The connection could not be restored.

Session expired

The server has moved on; the page needs a fresh start.